 Dungeon Crawl Stone Soup version 0.29.1-12-g30fa7ad0bf (webtiles) character file.

Game seed: 12696058683577489858

21 melloss the Sneak (level 2, 0/13 HPs)
             Began as a Spriggan Enchanter on Dec 23, 2022.
             Succumbed to an adder's poison
             ... on level 2 of the Dungeon on Dec 24, 2022.
             The game lasted 00:05:17 (1414 turns).

melloss the Sneak (Spriggan Enchanter)              Turns: 1414, Time: 00:05:18

Health: 0/13       AC:  2    Str:  4    XL:     2   Next: 62%
Magic:  2/6        EV: 18    Int: 16    God:
Gold:   19         SH:  0    Dex: 15    Spells: 4/6 levels left

rFire   . . .      SeeInvis +   a - +1 dagger
rCold   . . .      Faith    .   (no shield)
rNeg    . . .      Spirit   .   b - +0 robe
rPois   .          Reflect  .   (helmet restricted)
rElec   .          Harm     .   (no cloak)
rCorr   .          Rampage  .   (gloves unavailable)
Will    .....                   (boots unavailable)
Stlth   +++.......              (no amulet)
HPRegen 0.04/turn               (no ring)
MPRegen 0.10/turn               (no ring)

@: lethally poisoned (0 -> -2), about to teleport, very quick
A: very small, no large weapons, unfitting armour, see invisible, speed 3
a: no special abilities


You were on level 2 of the Dungeon.
You visited 1 branch of the dungeon, and saw 2 of its levels.

You collected 19 gold pieces.

Inventory:

Hand Weapons
 a - a +1 dagger (weapon)
Armour
 b - a +0 robe (worn)
Scrolls
 d - a scroll of enchant armour {unknown}
 g - a scroll of identify {unknown}
Potions
 c - 2 potions of invisibility
 e - a potion of magic {unknown}
 h - a potion of curing {unknown}
 i - a potion of haste {unknown}
 j - a potion of degeneration {unknown}
 k - a potion of berserk rage {unknown}


   Skills:
 - Level 1.1 Short Blades
 + Level 3.6 Dodging
 + Level 5.3 Stealth
 - Level 2.6 Spellcasting
 - Level 3.6 Hexes


You had 4 spell levels left.
You knew the following spells:

 Your Spells              Type           Power      Damage    Failure   Level
a - Ensorcelled Hibernat  Hex/Ice        14%        N/A       14%         2

Your spell library contained the following spells:

 Spells                   Type           Power      Damage    Failure   Level
 Confusing Touch          Hex            13%        N/A       13%         3
 Tukima's Dance           Hex            13%        N/A       13%         3
 Sublimation of Blood     Necr           2%         N/A       28%         2
 Wereblood                Tmut           2%         N/A       28%         2
 Dazzling Flash           Conj/Hex       14%        N/A       28%         3
 Summon Hydra             Summ           1%         N/A       100%        7


Dungeon Overview and Level Annotations

Branches:
Dungeon (2/15)

Altars:

Shops:
D:1 *

Annotations:
D:2 Terence


Innate Abilities, Weirdness & Mutations

You are very small and have problems with some larger weapons.
You are too small for most types of armour.
You have supernaturally acute eyesight. (SInv)
You cover ground extremely quickly. (Speed+++)


Message History

Confirm with . or Enter, or press ? or * to list all spells.
Aiming: Ensorcelled Hibernation (safe; 14% risk of failure)
Press: ? - help, Shift-Dir - straight line, f - adder
Aim: an adder (chance to affect: 50%)
The adder resists with some effort.
The adder bites you. x2
Casting: Ensorcelled Hibernation (safe; 14% risk of failure)
Confirm with . or Enter, or press ? or * to list all spells.
Aiming: Ensorcelled Hibernation (safe; 14% risk of failure)
Press: ? - help, Shift-Dir - straight line, f/p - adder
Aim: an adder (chance to affect: 50%)
The adder resists with some effort.
The adder bites you but does no damage. The adder bites you.
The adder closely misses you.
You closely miss the adder. The adder closely misses you. The adder bites you.
You are lethally poisoned!
The adder poisons you! The adder barely misses you.
You hit the adder.
The adder is moderately wounded.
You feel sick. The adder completely misses you. The adder misses you.
You closely miss the adder.
The adder is moderately wounded.
* * * LOW HITPOINT WARNING * * *
You feel sick. The adder closely misses you. The adder completely misses you.
You barely miss the adder.
The adder is moderately wounded.
* * * LOW HITPOINT WARNING * * *
You feel sick. The adder misses you. The adder closely misses you.
The adder completely misses you.
Unknown command.
You closely miss the adder.
The adder is moderately wounded.
* * * LOW HITPOINT WARNING * * *
You feel sick. The adder misses you. The adder bites you but does no damage.
The adder misses you.
Unknown command.
Level annotation: Terence Welcome back, melloss the Spriggan Enchanter.
Press ? for a list of commands and other information.
As you read the scroll labelled DUBBER VOHUD, it crumbles to dust.
You feel strangely unstable.
It was a scroll of teleportation.
You die...

######### #@S......
#S####### .. #S# #..
... #.# #.# ....
#..###.####.# #.#.#.
..........SS.###....#.#
##..###....S..........#
.. #.#####..#....#.#
#.# #..##.#.#.##


You could see 3 adders.

Vanquished Creatures
  An endoplasm (D:1)
  2 giant cockroaches
  A hobgoblin (D:1)
  3 jackals (D:1)
  A kobold (D:1)
  A quokka (D:1)
  A ball python (D:1)
  3 bats
  A frilled lizard (D:1)
  5 rats (D:1)
19 creatures vanquished.

Notes
Turn   | Place    | Note
-------+----------+-------------------------------------------
     0 | D:1      | melloss the Spriggan Enchanter began the quest for the Orb.
     0 | D:1      | Reached XP level 1. HP: 9/9 MP: 5/5
   338 | D:1      | Found Tugujeh's General Store.
   366 | D:1      | Found a faded altar of an unknown god.
   385 | D:2      | Noticed Terence
   387 | D:2      | Reached skill level 5 in Stealth
   387 | D:2      | Reached XP level 2. HP: 6/13 MP: 6/6
   436 | D:1      | Learned a level 2 spell: Ensorcelled Hibernation
  1414 | D:2      | Succumbed to an adder's poison

Illustrated notes

Levels and vault maps discovered:
D:1:      matt_arrival_grand_opening, layout_loops_cross, serial_shops, shop,
          ebering_ecumenical_altar_mist
D:2:      layout_loops_ring, dk_vineyard_3, minmay_misc_feat_plants,
          uniq_terence

Skill      XL: |  1 |
---------------+----+-----
Dodging        | 3 |  3.6
Stealth        | 5 |  5.3
Short Blades   | |  1.1
Spellcasting   | |  2.6
Hexes          | |  3.6

Action                   || total
-------------------------++-------
Melee: Dagger            ||    54
 Cast: Ensorcelled Hiber ||    10
  Use: Scroll            ||     1
 Stab: Sleeping          ||    12
Armor: Robe              ||     8
Dodge: Dodged            ||    56
